Map: Romantyzm ER

Players

Contentgaga

  • Race: Terran Terran
  • League: Master
  • Spawn Location: 5:00

Angry - Winner!

  • Race: Terran Terran
  • League: Master
  • Spawn Location: 11:00

VOD

Have the link to the VOD?

Description

Time

  • Played on: March 2, 2021, 1:17 p.m.
  • Length: 12:35
Show
View Real Time Build Order
Export as new Build Order

Contentgaga Terran 

Build Orders: Reaper Expand 

Get SALT Encoding   

  12  0:00  SCV  
  13  0:13  SCV  
  14  0:17  Supply Depot  
  14  0:25  SCV  
  15  0:39  SCV  
  15  0:40  Barracks  
  16  0:44  Refinery  
  16  0:51  SCV  
  17  1:03  SCV  
  18  1:16  SCV  
  19  1:28  Orbital Command, Reaper  
  20  1:39  Command Center  
  20  1:50  Supply Depot  
  20  1:54  SCV  
  20  2:00  Marine  
  22  2:07  Factory  
  22  2:10  Bunker  
  22  2:12  SCV  
  23  2:21  Refinery  
  23  2:22  Barracks Reactor  
  23  2:24  SCV  
  24  2:36  SCV  
  25  2:50  SCV  
  28  2:51  Hellion  
  28  2:53  Starport  
  28  2:55  Orbital Command  
  28  2:58  Marine x2  
  30  3:02  SCV  
  31  3:14  SCV, Factory Tech Lab  
  31  3:16  Marine x2  
  34  3:20  SCV  
  34  3:26  SCV  
  36  3:30  Refinery  
  36  3:31  Starport Tech Lab  
  36  3:32  Cyclone  
  39  3:34  Marine x2  
  39  3:39  SCV x2  
  40  3:51  SCV  
  40  3:52  SCV  
  41  3:59  Raven  
  43  4:03  SCV  
  43  4:04  SCV  
  43  4:05  Supply Depot  
  45  4:15  SCV, Refinery  
  46  4:26  SCV, Siege Tank, Marine x2  
  46  4:27  SCV  
  46  4:28  Supply Depot  
  53  4:38  SCV  
  53  4:45  Supply Depot  
  54  4:50  SCV x2, Raven, Marine x2  
  60  5:02  SCV x2  
  60  5:06  Supply Depot, Siege Tank  
  65  5:08  Marine x2  
  67  5:14  SCV  
  67  5:15  SCV  
  69  5:24  Command Center  
  69  5:26  SCV  
  69  5:28  SCV  
  71  5:33  Supply Depot  
  71  5:41  Siege Tank  
  71  5:42  SCV  
  74  5:44  Viking x2  
  74  5:45  Stimpack  
  74  5:49  Supply Depot  
  78  5:54  SCV, Marine  
  78  5:55  SCV  
  81  6:04  Supply Depot  
  81  6:06  SCV  
  81  6:08  Barracks x2  
  82  6:12  SCV  
  82  6:16  Engineering Bay  
  83  6:21  Engineering Bay  
  83  6:28  Viking x2  
  83  6:29  SCV, Siege Tank  
  83  6:30  SCV  
  92  6:34  Marine  
  93  6:41  Orbital Command  
  93  6:43  Terran Infantry Weapons Level 1  
  93  6:46  Terran Infantry Armor Level 1  
  90  6:57  SCV x2  
  90  6:58  Supply Depot  
  90  6:59  Barracks Reactor x2, Supply Depot  
  92  7:07  Orbital Command  
  92  7:17  Marine  
  93  7:22  Barracks  
  93  7:23  Barracks  
  93  7:24  Barracks  
  93  7:28  Combat Shield  
  93  7:30  Medivac x2  
  93  7:33  SCV x2  
  93  7:35  Marine  
  100  7:39  SCV  
  101  7:44  Marine  
  101  7:45  SCV, Armory  
  101  7:46  SCV  
  101  7:47  Marine  
  101  7:49  Sensor Tower, Marine  
  106  7:53  Marine  
  106  7:57  Marine  
  108  8:00  Siege Tank  
  108  8:02  Medivac, Marine  
  108  8:03  Medivac  
  108  8:05  Marine  
  117  8:06  Marine  
  117  8:08  SCV x2  
  117  8:10  SCV  
  117  8:11  Refinery, Supply Depot  
  121  8:15  Barracks Reactor x2  
  121  8:16  Barracks Reactor  
  121  8:18  Marine  
  122  8:20  SCV  
  122  8:22  Supply Depot  
  123  8:27  Barracks Tech Lab x2  
  123  8:28  Barracks Tech Lab  
  123  8:35  Marine x2  
  123  8:36  Marauder  
  127  8:44  Command Center  
  127  8:46  Concussive Shells  
  127  8:47  Marauder x2, Marine x2  
  127  8:48  Marauder  
  135  8:52  Terran Infantry Weapons Level 2, Terran Infantry Armor Level 2, Marine  
  135  8:53  SCV x2  
  138  8:57  SCV, Marauder  
  141  9:03  Refinery  
  141  9:04  Supply Depot x2, Marine  
  141  9:09  Marauder x2  
  145  9:10  Marauder  
  144  9:19  Marauder, Marine x3  
  149  9:25  Marine  
  149  9:30  Marauder x2  
  149  9:31  Marine  
  155  9:37  Marine  
  156  9:40  Marauder  
  156  9:43  Starport x2  
  158  9:49  Marauder  
  158  9:51  SCV  
  161  9:58  Marauder x2  
  165  10:01  Marauder  
  167  10:08  Command Center  
  167  10:10  Marauder  
  169  10:20  Marauder x2  
  173  10:24  Missile Turret  
  173  10:25  Starport Reactor x2  
  166  10:44  Marine  
  166  10:45  Marauder x4  
  166  10:46  Marine  
  147  10:58  Marine  
  147  10:59  Marine  
  147  11:02  Marine  
  147  11:03  Viking x5, Marine  
  121  11:06  Marauder, Marine x2  
  121  11:07  Marauder  
  125  11:12  Planetary Fortress  
  125  11:16  Marine  
  126  11:24  Marauder  
  126  11:25  Marauder  
  130  11:27  Marine x3  
  130  11:28  Viking, Marauder x2  
  130  11:31  Siege Tank  
  142  11:33  Viking x2  
  142  11:34  Medivac x2  
  142  11:37  SCV x3  
  153  11:44  Marine x2  
  153  11:46  Medivac, Marauder x2  
  161  11:49  Missile Turret, Marauder  
  161  11:52  Marine x2  
  161  11:53  Marauder  
  142  12:02  Marine  
  142  12:04  Marine  
  142  12:07  Marauder x2  
  120  12:09  SCV  
  120  12:10  SCV x2  
  120  12:11  Marauder  
  120  12:14  Marauder, Marine x2  
Show
View Real Time Build Order
Export as new Build Order

Angry Terran - Winner!

Build Orders: Mech 

Get SALT Encoding   

  12  0:00  SCV  
  13  0:12  SCV  
  14  0:17  Supply Depot  
  14  0:24  SCV  
  14  0:28  Refinery  
  15  0:38  SCV  
  16  0:44  Barracks  
  16  0:50  SCV  
  16  0:56  Refinery  
  17  1:02  SCV  
  18  1:15  SCV  
  19  1:30  Orbital Command  
  19  1:32  Reaper  
  20  1:35  Factory  
  20  1:44  Supply Depot  
  20  1:56  SCV  
  21  2:04  Reaper  
  23  2:08  SCV  
  23  2:19  Hellion  
  23  2:20  SCV  
  26  2:33  Command Center  
  26  2:38  Reaper  
  26  2:43  Hellion  
  29  2:44  SCV  
  30  2:53  Supply Depot  
  30  2:56  SCV  
  31  3:04  Starport  
  31  3:06  Factory Tech Lab  
  31  3:10  Barracks Reactor  
  31  3:18  SCV  
  32  3:24  Cyclone  
  35  3:30  SCV  
  36  3:40  Refinery  
  36  3:42  SCV  
  35  3:53  Starport Tech Lab  
  32  3:55  SCV  
  32  3:56  Orbital Command, Siege Tank  
  34  4:07  SCV  
  35  4:11  Raven  
  37  4:19  SCV  
  37  4:22  Bunker  
  38  4:24  Command Center  
  38  4:26  SCV  
  39  4:32  Siege Tank  
  39  4:35  Marine x2  
  39  4:38  SCV  
  45  4:40  SCV  
  46  4:50  SCV  
  47  4:53  SCV  
  47  4:56  Supply Depot  
  48  5:02  SCV  
  48  5:04  Siege Tank  
  48  5:05  SCV  
  48  5:06  Refinery, Supply Depot  
  53  5:15  SCV  
  53  5:17  Viking x2  
  53  5:20  SCV  
  59  5:27  SCV  
  60  5:32  SCV  
  61  5:36  Siege Tank  
  61  5:39  Orbital Command  
  61  5:41  Factory  
  64  5:43  SCV  
  64  5:46  Barracks Reactor  
  64  5:47  Factory  
  65  5:51  Viking  
  65  5:54  SCV, Viking  
  70  5:57  SCV  
  71  6:04  Armory  
  71  6:05  Orbital Command  
  71  6:06  SCV  
  72  6:11  SCV  
  72  6:13  Engineering Bay  
  72  6:16  Supply Depot  
  73  6:19  SCV  
  73  6:21  Viking  
  73  6:23  Viking  
  73  6:25  SCV  
  79  6:31  SCV  
  79  6:32  SCV  
  81  6:37  SCV  
  82  6:43  SCV  
  82  6:44  SCV  
  82  6:45  Refinery  
  82  6:47  Siege Tank  
  87  6:49  SCV, Supply Depot  
  87  6:51  Viking  
  90  6:55  SCV  
  90  6:56  SCV  
  92  7:04  Refinery  
  92  7:09  SCV  
  92  7:10  Siege Tank  
  92  7:12  SCV x2, Supply Depot  
  92  7:13  Supply Depot  
  95  7:16  Hellion x2  
  95  7:17  Terran Vehicle Weapons Level 1  
  95  7:21  SCV  
  95  7:22  Viking x2  
  104  7:24  SCV  
  104  7:26  SCV, Siege Tank  
  109  7:33  SCV  
  109  7:36  SCV  
  111  7:38  SCV  
  111  7:41  Supply Depot x2  
  111  7:43  Infernal Pre-Igniter  
  112  7:45  SCV  
  112  7:48  Factory  
  112  7:50  Factory  
  113  7:54  Sensor Tower, Viking  
  115  8:03  Viking  
  115  8:05  Siege Tank  
  120  8:06  Barracks Reactor  
  120  8:12  SCV x2  
  122  8:13  SCV  
  123  8:24  SCV  
  123  8:26  Armory  
  124  8:29  Command Center  
  124  8:30  Hellion x2, Siege Tank  
  131  8:35  Hellion, Viking x2  
  131  8:36  Factory Tech Lab, Hellion  
  138  8:41  Siege Tank  
  138  8:51  Hellion  
  138  8:53  Smart Servos  
  140  9:05  Supply Depot  
  140  9:06  Supply Depot  
  140  9:07  Supply Depot  
  140  9:16  Hellion  
  140  9:17  Hellion  
  140  9:18  Hellion  
  140  9:21  Missile Turret  
  140  9:23  Missile Turret x3  
  138  9:27  Thor  
  144  9:32  Missile Turret x2  
  144  9:33  Missile Turret x2  
  144  9:35  Thor, Sensor Tower  
  144  9:36  Terran Vehicle Weapons Level 2, Siege Tank  
  144  9:37  Terran Vehicle And Ship Armor Level 1  
  153  9:55  Hellion x4  
  161  10:01  Command Center  
  165  10:08  Thor  
  161  10:19  Missile Turret  
  161  10:20  Missile Turret  
  161  10:22  Missile Turret  
  161  10:26  Unknown  
  161  10:29  Sensor Tower  
  156  10:42  Thor, Hellion x3  
  163  10:56  Thor  
  159  10:59  Hellion  
  152  11:18  Thor  
  152  11:19  Hellion x3  
  152  11:21  Hellion  
  166  11:39  Fusion Core  
  166  11:40  Starport x2  
  166  11:44  Planetary Fortress  
  166  11:48  Sensor Tower  
  150  12:12  Hellion x3  
  162  12:34  Refinery  
Tags
 
Composition
Mech
Matchup
TvT
Race
Terran
Spawn Locations
Cross Positions
Add a new tag
Caveats
  • Supply blocks, unpowered buildings, or Contaminate may cause inaccurate times.
  • Supply counts are checked every 10 seconds.